 Dungeon Crawl Stone Soup version 0.25-a0-589-g1e14c549ee (webtiles) character file.

Game seed: 1400607349171146299, levelgen mode: deterministic

16975 kae the Covert (level 12, -11/67 HPs)
             Began as a Vampire Enchanter on Mar 9, 2020.
             Was a High Priest of Dithmenos.
             Mangled by a komodo dragon (23 damage)
             ... on level 1 of the Lair of Beasts.
             The game lasted 00:18:29 (13685 turns).

kae the Covert (Vampire Enchanter)                 Turns: 13685, Time: 00:18:29

Health: -11/67     AC:  8    Str: 10    XL:     12   Next: 14%
Magic:  11/23      EV: 15    Int: 19    God:    Dithmenos [*****.]
Gold:   705        SH:  5    Dex: 15    Spells: 20/26 levels left

rFire    + . .     SeeInvis +   a - +5 dagger
rCold    + + .     Gourm    .   G - +0 buckler
rNeg     + + +     Faith    .   P - +2 leather armour {rF+}
rPois    ∞         Spirit   .   (no helmet)
rElec    .         Reflect  .   A - +2 cloak
rCorr    .         Harm     .   (no gloves)
MR       +....                  (no boots)
Stlth    ++++++++++             p - amulet of regeneration
HPRegen  0.00/turn              (no ring)
MPRegen  0.18/turn              (no ring)

@: very slightly contaminated, bloodless, wreathed by umbra
A: no food, fangs 3, see invisible, unbreathing
a: Bat Form, Revivify, Shadow Step, Shadow Form, Renounce Religion


You were on level 1 of the Lair of Beasts.
You worshipped Dithmenos.
Dithmenos was extremely pleased with you.
You were bloodless.

You visited 3 branches of the dungeon, and saw 14 of its levels.
You also visited: Sewer and Volcano.

You collected 791 gold pieces.
You spent 86 gold pieces at shops.

Inventory:

Hand Weapons
 a - a +5 dagger (weapon)
Armour
 b - a +1 robe
 A - a +2 cloak (worn)
 G - a +0 buckler (worn)
 P - a +2 leather armour of fire resistance (worn)
Jewellery
 m - a cursed ring of ice
 p - an amulet of regeneration (around neck)
 H - a +3 ring of evasion
 I - an uncursed ring of flight {unknown}
 N - an uncursed ring of protection from magic {unknown}
 O - an uncursed ring of resist corrosion {unknown}
Wands
 j - a wand of random effects (24)
 l - a wand of polymorph (14)
 t - a wand of flame (32)
 x - a wand of clouds (3)
 D - a wand of iceblast (10)
 E - a wand of acid (9)
 F - a wand of paralysis (7)
Scrolls
 c - 12 scrolls of remove curse
 d - 4 scrolls of teleportation
 f - 2 scrolls of blinking
 k - 3 scrolls of fear
 q - 2 scrolls of magic mapping
 r - 2 scrolls of fog
 y - 3 scrolls of enchant armour
 C - a scroll of amnesia
 J - 3 scrolls of identify
 M - a scroll of enchant weapon
Potions
 e - 2 potions of invisibility
 g - 4 potions of might
 h - 2 potions of cancellation
 i - 3 potions of lignification
 n - 4 potions of haste
 o - a potion of magic
 s - a potion of berserk rage
 u - 3 potions of stabbing
 v - 2 potions of resistance
 w - 4 potions of flight
 z - 2 potions of brilliance
 B - a potion of degeneration {unknown}
 K - a potion of curing
 L - a potion of heal wounds


   Skills:
 + Level 4.3 Fighting
 * Level 12.5 Short Blades
 + Level 5.8 Dodging
 + Level 13.1 Stealth
 + Level 3.0 Shields
 + Level 7.9 Spellcasting
 + Level 12.3 Hexes


You had 20 spell levels left.
You knew the following spells:

 Your Spells              Type           Power        Failure   Level  Hunger
a - Corona                Hex            ######.      1%          1    N/A
b - Ensorcelled Hibernat  Hex/Ice        ####..       1%          2    N/A
c - Confusing Touch       Hex            ######..     1%          3    N/A

Your spell library contained the following spells:

 Spells                   Type           Power        Failure   Level  Hunger
 Slow                     Hex            ######..     1%          2    N/A
 Tukima's Dance           Hex            ######..     1%          3    N/A
 Dazzling Flash           Conj/Hex       ####..       3%          3    N/A
 Animate Skeleton         Necr           N/A          14%         1    N/A
 Apportation              Tloc           #.....       14%         1    N/A
 Magic Dart               Conj           #...         14%         1    N/A
 Summon Small Mammal      Summ           #...         14%         1    N/A
 Blink                    Tloc           N/A          22%         2    N/A
 Call Imp                 Summ           #.......     22%         2    N/A
 Conjure Flame            Conj/Fire      #.......     41%         3    N/A
 Mephitic Cloud           Conj/Pois/Air  #.......     41%         3    N/A

Dungeon Overview and Level Annotations

Branches:
Dungeon (11/15)            Temple (1/1) D:4            Lair (2/6) D:8
    Orc (0/2) D:11          Sewer (visited)         Volcano (visited)
  Swamp: Lair:2-4    Shoals: Lair:2-4     Snake: Lair:2-4    Spider: Lair:2-4

Altars:
Ashenzari
Cheibriados
Dithmenos
Elyvilon
Fedhas
Gozag
Hepliaklqana
Kikubaaqudgha
Makhleb
Nemelex Xobeh
Okawaru
Qazlal
Ru
Sif Muna
Trog
Uskayaw
Vehumet
Wu Jian
Xom
Yredelemnul
Zin
The Shining One

Shops:
D:4 }}:(*   D:5 (%=::   D:9 :   D:11 (

Annotations:
D:4 Dowan, Duvessa
D:5 2 transporters, ahope9320's ghost, novice DrCj


Innate Abilities, Weirdness & Mutations

You do not eat.
You do not regenerate when monsters are visible.
You are frail without blood (-20% HP).
You can heal yourself when you bite living creatures.
You are immune to poison.
You have razor-sharp teeth.
You have supernaturally acute eyesight. (SInv)
You can survive without breathing.


Message History

You are too injured to fight recklessly!
You are too injured to fight recklessly!
Casting: Ensorcelled Hibernation (safe; 1% risk of failure)
Confirm with . or Enter, or press ? or * to list all spells.
Aiming: Ensorcelled Hibernation (safe; 1% risk of failure)
Press: ? - help, Shift-Dir - straight line, f/p - komodo dragon
Aim: a komodo dragon (lightly wounded, umbra, chance to defeat MR: 41%)
The komodo dragon resists with some effort.
The komodo dragon bites you!!
* * * LOW HITPOINT WARNING * * *
You emit a cloud of dark smoke.
Casting: Ensorcelled Hibernation (safe; 1% risk of failure)
Confirm with . or Enter, or press ? or * to list all spells.
Aiming: Ensorcelled Hibernation (safe; 1% risk of failure)
Press: ? - help, Shift-Dir - straight line, f/p - komodo dragon
Aim: a komodo dragon (black smoke, lightly wounded, umbra, chance to defeat MR: 41%)
You miscast Ensorcelled Hibernation.
You are very lightly contaminated with residual magic.
The light around you dims momentarily. The komodo dragon bites you!!
You die...

.## ### #...................
..###.## ###................###
.......#####..................###
.......##......#..###.#........##
...........#.###..# ###..###...#.
............####..###.#..###...P.
.###..PP......§..................
.# #....##.P#.#l§§####...#.#.....
.##P...#...^..##@# #...####..#.
.##..........###§## #...###..##.
.###...........§.§#####..P.....#.
.#.#...#.......§§................
.......##.....<..................
..##....##..#........÷...........
.##.........#.....##÷###.#......#
.P##..#.#.÷.......##%###.#......#
......###.............##÷##......


You could see a komodo dragon.

Vanquished Creatures
  Fannar (D:11)
  4 two-headed ogres
  3 ugly things
  Maurice (D:8)
  A spiny frog (Lair:1)
  A red devil (Volcano)
  A tengu conjurer (D:10)
  A troll (D:10)
  5 hippogriffs
  A wraith (D:10)
  Sigmund (D:2)
  13 yaks
  Eustachio (D:5)
  2 hungry ghosts
  5 water moccasins
  2 hell hounds (Volcano)
  5 porcupines
  An ice beast (D:7)
  5 sky beasts
  5 orc warriors
  2 black bears
  6 necrophages
  A phantom (D:8)
  9 ogres
  3 centaurs
  3 crocodiles (Lair:1)
  Blork the orc (D:5)
  A big kobold (D:7)
  12 bullfrogs
  A wyvern zombie (D:9)
  5 scorpions
  A wyvern skeleton (D:9)
  A killer bee (D:7)
  8 wights (D:10)
  5 howler monkeys
  6 crimson imps
  2 centaur zombies
  3 jellies
  6 orc priests
  9 hounds
  11 orc wizards
  A bullfrog skeleton (D:9)
  3 iguanas (D:8)
  Ijyb (D:3)
  4 worker ants
  A hound zombie (D:9)
  A worker ant zombie (D:6)
  A howler monkey skeleton (D:4)
  13 adders
  4 gnolls (D:5)
  A shadow imp (D:5)
  6 oozes
  An adder skeleton (D:6)
  An adder zombie (D:8)
  10 worms
  3 dart slugs
  8 leopard geckos
  42 orcs
  6 ball pythons
  5 giant cockroaches
  6 hobgoblins
  13 jackals
  13 kobolds
  9 quokkas
  13 bats
  4 frilled lizards
  2 gnoll zombies (D:4)
  10 goblins
  A jackal zombie (D:7)
  A leopard gecko skeleton (D:7)
  A quokka skeleton (D:7)
  A quokka zombie (D:9)
  8 rats
349 creatures vanquished.

Vanquished Creatures (others)
  A bush (D:9)
  2 fungi
  3 plants (D:9)
6 creatures vanquished.

Grand Total: 355 creatures vanquished

Notes
Turn   | Place    | Note
-------+----------+-------------------------------------------
     0 | D:1      | kae the Vampire Enchanter began the quest for the Orb.
     0 | D:1      | Reached XP level 1. HP: 13/13 MP: 3/3
   131 | D:1      | Reached XP level 2. HP: 11/19 MP: 3/5
   164 | D:1      | Learned a level 2 spell: Ensorcelled Hibernation
   567 | D:1      | Reached XP level 3. HP: 3/24 MP: 1/6
   774 | D:2      | Learned a level 3 spell: Confusing Touch
   869 | D:2      | Reached skill level 5 in Stealth
  1134 | D:2      | Reached skill level 5 in Hexes
  1269 | D:2      | Noticed Sigmund
  1350 | D:2      | Killed Sigmund
  1350 | D:2      | Reached XP level 4. HP: 28/30 MP: 3/8
  1350 | D:2      | Reached XP level 5. HP: 32/35 MP: 3/9
  1722 | D:3      | Reached skill level 6 in Stealth
  1863 | D:3      | You fall into a shaft and drop 1 floor!
  1864 | D:4      | Noticed an ogre
  1869 | D:4      | Killed an ogre
  1869 | D:4      | Reached XP level 6. HP: 41/41 MP: 7/10
  1979 | D:4      | Found Loaczoc's Assorted Antiques.
  1986 | D:4      | Bought a scroll labeled LOASICIYRU for 15 gold pieces
  1986 | D:4      | Bought a scroll labeled MAUMENWA TAEGRAFF for 15 gold
                  | pieces
  1986 | D:4      | Bought a scroll labeled MAUMENWA TAEGRAFF for 15 gold
                  | pieces
  1986 | D:4      | Bought an orange potion for 13 gold pieces
  1986 | D:4      | Bought a scroll labeled MAUMENWA TAEGRAFF for 15 gold
                  | pieces
  1986 | D:4      | Bought a smoky pink potion for 13 gold pieces
  2079 | D:4      | Found Yrrur's Weapon Emporium.
  2080 | D:4      | Found a staircase to the Ecumenical Temple.
  2087 | D:4      | Found Cowiwet's Book Shoppe.
  2094 | Temple   | Entered the Ecumenical Temple
  2294 | Temple   | Became a worshipper of Dithmenos the Shadowed
  2334 | D:4      | Found Dofocek's Gadget Emporium.
  2336 | D:4      | Noticed Dowan
  2379 | D:4      | Found a basalt altar of Yredelemnul.
  2584 | D:4      | Found Ytusoy's Gadget Emporium.
  2707 | D:4      | Reached skill level 5 in Short Blades
  2819 | D:4      | Noticed Duvessa
  2859 | D:3      | Noticed Ijyb
  3088 | D:3      | Reached XP level 7. HP: 46/46 MP: 12/12
  3138 | D:3      | Killed Ijyb
  3159 | D:3      | Reached * piety under Dithmenos
  3585 | D:5      | Entered Level 5 of the Dungeon
  3597 | D:5      | Reached skill level 7 in Stealth
  3604 | D:5      | Noticed Eustachio
  3614 | D:5      | Killed Eustachio
  3627 | D:5      | Noticed Blork the orc
  3665 | D:5      | Reached XP level 8. HP: 21/52 MP: 4/14
  3702 | D:5      | Found Saral's Book Shop.
  3752 | D:5      | Reached skill level 8 in Stealth
  3758 | D:5      | Found a glowing drain.
  3800 | Sewer    | Entered a sewer
  3809 | Sewer    | Reached ** piety under Dithmenos
  4463 | D:5      | Found Gaweass's Food Shop.
  4480 | D:5      | Found Duminke's Jewellery Shop.
  4501 | D:5      | Found Ceddidy's Book Emporium.
  4779 | D:5      | Found a transporter.
  4782 | D:5      | Noticed ahope9320's ghost (novice DrCj)
  4784 | D:5      | Identified the +10 dire flail of the Six Places {freeze,
                  | rN++ Dex-3}
  5040 | D:5      | Killed Blork the orc
  5060 | D:5      | Found a transporter.
  5234 | D:5      | Found Sogufeg's Weapon Emporium.
  5461 | D:6      | Reached skill level 9 in Stealth
  5584 | D:6      | Reached skill level 5 in Spellcasting
  5808 | D:6      | Reached XP level 9. HP: 57/57 MP: 16/16
  5885 | D:6      | Reached *** piety under Dithmenos
  6771 | D:7      | Reached skill level 10 in Stealth
  7104 | D:8      | Noticed Maurice
  7118 | D:8      | Killed Maurice
  7390 | D:8      | Reached skill level 10 in Hexes
  7425 | D:8      | Noticed a two-headed ogre
  7433 | D:8      | Reached **** piety under Dithmenos
  7440 | D:8      | Killed a two-headed ogre
  7440 | D:8      | Reached skill level 10 in Short Blades
  7440 | D:8      | Reached skill level 11 in Stealth
  7440 | D:8      | Reached XP level 10. HP: 50/50 MP: 11/19
  7861 | D:8      | Reached skill level 1 in Fighting
  8188 | D:8      | Found a staircase to the Lair.
  8347 | D:9      | Found a blossoming altar of Fedhas.
  8655 | D:9      | Noticed a two-headed ogre
  8662 | D:9      | Killed a two-headed ogre
  8764 | D:9      | Reached ***** piety under Dithmenos
  8768 | D:9      | Found Puhiod's Book Emporium.
  8891 | D:9      | Noticed a two-headed ogre
  8899 | D:9      | Killed a two-headed ogre
  8899 | D:9      | Reached skill level 12 in Stealth
  8899 | D:9      | Reached XP level 11. HP: 58/58 MP: 21/21
  9381 | D:10     | Entered Level 10 of the Dungeon
  9761 | D:10     | Found a glowing golden altar of the Shining One.
 10109 | D:11     | Found a staircase to the Orcish Mines.
 10219 | D:11     | Noticed Fannar
 10226 | D:11     | Killed Fannar
 10226 | D:11     | Reached skill level 1 in Shields
 10713 | D:11     | Noticed a white ugly thing
 10741 | D:11     | Noticed a two-headed ogre
 10746 | D:11     | Killed a white ugly thing
 10751 | D:11     | Killed a two-headed ogre
 10751 | D:11     | Reached skill level 5 in Dodging
 10873 | D:11     | Found Uliskit's Weapon Emporium.
 11234 | Lair:1   | Entered Level 1 of the Lair of Beasts
 11624 | Lair:1   | You fall into a shaft and drop 1 floor!
 11740 | Lair:2   | Found a dark tunnel.
 11745 | Volcano  | Entered a volcano
 11747 | Volcano  | Noticed a red ugly thing
 11778 | Volcano  | Killed a red ugly thing
 11827 | Volcano  | Noticed a red ugly thing
 11835 | Volcano  | Killed a red ugly thing
 12605 | Lair:2   | Found a snail-covered altar of Cheibriados.
 12849 | Lair:2   | Reached XP level 12. HP: 66/66 MP: 23/23
 13222 | Lair:1   | Reached skill level 13 in Stealth
 13685 | Lair:1   | Mangled by a komodo dragon

Levels and vault maps discovered:
D:1:      dpeg_arrival_tiny_c, layout_rooms, minmay_domino_2
D:2:      layout_rooms, chequers_serial_rivers_large_a, uniq_sigmund
D:3:      layout_rooms, minmay_snake_closets, uniq_ijyb
D:4:      layout_basic, lemuel_zombie_altar_yredelemnul,
          minmay_temple_entry_gardened_gates, first_ration, serial_shops, shop,
          shop, shop, shop, nicolae_shop_temple_entry_statues_fountains,
          uniq_duvessa
D:5:      layout_basic, cheibrodos_sewer_entry_bend, serial_shops,
          nicolae_shop_crystal, shop, shop, shop,
          nicolae_shop_temple_entry_statues_fountains, gammafunk_ghost_smash,
          minivault_11, hangedman_decor_peaks_small, minmay_misc_feat_five,
          uniq_blork_the_orc, uniq_edmund, uniq_eustachio
D:6:      layout_basic, lightli_minifort
D:7:      layout_cave_pods, minmay_increasing_density
D:8:      layout_gridville, grunt_lair_entry_orc_guard_hut, uniq_maurice
D:9:      layout_cave_pools, serial_shops, shop, fedhas_altar_decomposition
D:10:     layout_loops_cross, grunt_tengu_nest, tso_altar
D:11:     layout_layer_cave, orc_0_dummy, serial_shops, shop, uniq_fannar
Temple:   minmay_crystal_snake_temple
Lair:1:   layout_gridlike
Lair:2:   layout_cave_pods, basic_altar, enter_volcano_4

Skill      XL: |  1  2  3  4  5  6  7  8  9 10 11 12 |
---------------+-------------------------------------+-----
Short Blades   | 2 3 4 5 6 8 10 11 12 | 12.5
Stealth        | 5 6 7 9 11 12 13 | 13.1
Hexes          | 5 6 7 8 10 11 12 | 12.3
Spellcasting   | 3 4 5 6 7 |  7.9
Fighting       | 2 4 |  4.3
Dodging        | 4 5 |  5.8
Shields        | 2 3 |  3.0

Action                   |  1- 3 |  4- 6 |  7- 9 | 10-12 || total
-------------------------+-------+-------+-------+-------++-------
Melee: Dagger            |   175 |   123 |   394 |   487 ||  1179
       Bite              |    13 |     9 |    29 |    50 ||   101
 Cast: Corona            |     6 |       |     3 |     2 ||    11
       Ensorcelled Hiber |    13 |    28 |    69 |    97 ||   207
       Confusing Touch   |       |     1 |     4 |    22 ||    27
 Abil: Exsanguinate      |       |       |     1 |       ||     1
  Use: Potion            |       |     2 |     1 |     1 ||     4
       Scroll            |       |     2 |    26 |    10 ||    38
 Stab: Sleeping          |    11 |    24 |    74 |    92 ||   201
       Distracted        |     1 |       |     4 |     1 ||     6
       Confused          |       |     1 |     4 |    21 ||    26
Armor: Robe              |    39 |    16 |    24 |    45 ||   124
       Leather armour    |       |       |       |     8 ||     8
Dodge: Dodged            |   137 |   109 |   207 |   167 ||   620
Block: Buckler           |       |       |       |    33 ||    33

Table legend:
 A = Non-vault XP
 B = Vault XP
 C = Vault XP percentage of total XP
 D = Non-vault monster count
 E = Vault monster count
 F = Vault count percentage of total count
                 A         B        C        D         E       F
            +---------+---------+-------+---------+---------+-------
      Total |   18283 |    5967 |  24.6 |     280 |      69 |  19.8
            +---------+---------+-------+---------+---------+-------
        D:1 |      56 |       2 |   3.4 |      26 |       1 |   3.7
        D:2 |      84 |     208 |  71.2 |      24 |       1 |   4.0
        D:3 |      63 |      97 |  60.6 |      18 |       9 |  33.3
        D:4 |     358 |       3 |   0.8 |      14 |       2 |  12.5
        D:5 |     950 |     301 |  24.1 |      24 |       3 |  11.1
        D:6 |     627 |     182 |  22.5 |      18 |       5 |  21.7
        D:7 |     823 |     150 |  15.4 |      20 |       4 |  16.7
        D:8 |    2414 |    1205 |  33.3 |      37 |       7 |  15.9
        D:9 |    3506 |     575 |  14.1 |      29 |       7 |  19.4
       D:10 |    1975 |     339 |  14.6 |      23 |       1 |   4.2
       D:11 |    2112 |    1038 |  33.0 |      18 |       1 |   5.3
     Lair:1 |    4335 |       0 |   0.0 |      23 |       0 |   0.0
     Lair:2 |     980 |       0 |   0.0 |       6 |       0 |   0.0
      Sewer |       0 |      81 | 100.0 |       0 |      23 | 100.0
    Volcano |       0 |    1786 | 100.0 |       0 |       5 | 100.0
            +---------+---------+-------+---------+---------+-------
